 Dungeon Crawl Stone Soup version 0.18.1-2-ga659475 (webtiles) character file.

21028 shmeve the Fighter (level 12, -2/108 (110) HPs)
             Began as a Grey Draconian Berserker on May 8, 2016.
             Was a High Priest of Trog.
             Slain by a fire crab (shapeshifter) (11 damage)
             ... on level 13 of the Dungeon.
             The game lasted 00:31:30 (12130 turns).

shmeve the Fighter (Grey Draconian Berserker)      Turns: 12130, Time: 00:31:32

HP:   -2/108 (110)  AC: 17    Str: 24    XL:     12   Next: 50%
MP:   12/12         EV: 17    Int:  7    God:    Trog [*****.]
Gold: 939           SH:  6    Dex: 12    Spells: 0 memorised, 11 levels left

rFire  . . .     SeeInvis .     u - +0 war axe
rCold  . . .     Gourm    .     (armour unavailable)
rNeg   . . .     Faith    .     y - +0 buckler
rPois  .         Spirit   .     (helmet restricted)
rElec  .         Dismiss  .     K - +2 cloak
rCorr  .         Reflect  .     q - +0 pair of gloves
SustAt .         Harm     .     (no boots)
MR     .....                    B - amulet of regeneration
Stlth  +++.......               (no ring)
                                J - +3 ring of slaying

@: not resistant to hostile enchantments, fairly stealthy
A: walk through water, unfitting armour, unbreathing, cold-blooded, AC +13
a: Berserk, Trog's Hand, Brothers in Arms, Burn Spellbooks, Renounce Religion


You were on level 13 of the Dungeon.
You worshipped Trog.
Trog was extremely pleased with you.
You were not hungry.

You visited 1 branch of the dungeon, and saw 13 of its levels.

You collected 939 gold pieces.

Inventory:

Hand Weapons
 u - a +0 war axe (weapon)
Armour
 q - a +0 pair of gloves (worn)
 y - a +0 buckler (worn)
 K - a +2 cloak (worn)
Jewellery
 B - an amulet of regeneration (around neck)
 J - a +3 ring of slaying (left hand)
Wands
 N - a wand of acid (3/15)
Scrolls
 f - 14 scrolls of identify {unknown}
 i - a scroll of blinking {unknown}
 j - 2 scrolls of noise {unknown}
 l - a scroll of enchant weapon {unknown}
 n - a scroll of fear {unknown}
 p - 2 scrolls of enchant armour {unknown}
 r - a scroll of random uselessness {unknown}
 s - 9 scrolls of teleportation {unknown}
 t - 8 scrolls of remove curse
 v - 4 scrolls of amnesia {unknown}
 w - 2 scrolls of immolation {unknown}
 D - a scroll of vulnerability {unknown}
 E - a scroll of fog {unknown}
 F - a scroll of magic mapping {unknown}
 G - a scroll of holy word {unknown}
 M - a scroll of recharging {unknown}
Potions
 a - 3 potions of lignification {unknown}
 d - a potion of ambrosia {unknown}
 e - 7 potions of curing
 g - 3 potions of cure mutation {unknown}
 k - 2 potions of mutation {unknown}
 m - 2 potions of degeneration {unknown}
 o - 2 potions of flight {unknown}
 x - 2 potions of agility {unknown}
 z - a potion of brilliance {unknown}
 A - 2 potions of cancellation {unknown}
 C - a potion of berserk rage {unknown}
 H - 3 potions of haste
 I - a potion of might {unknown}
Comestibles
 b - 11 bread rations
 c - 12 beef jerkies
 h - 4 chunks of flesh


   Skills:
 * Level 11.2 Fighting
 * Level 10.2 Axes
 * Level 9.5 Dodging
 + Level 6.8 Stealth
 * Level 10.5 Shields


You had 11 spell levels left.
You didn't know any spells.

Dungeon Overview and Level Annotations

Branches:
Dungeon (13/15)            Temple (0/1) D:4            Lair (0/8) D:11
    Orc (0/2) D:11
 Vaults: D:13-14

Altars:
Ashenzari
Dithmenos
Elyvilon
Fedhas
Gozag
Nemelex Xobeh
Okawaru
Vehumet
Xom
Zin
The Shining One

Shops:
D:6 *   D:10 =   D:11 %

Portals:
Trove: D:12 (give +5 ice dragon armour)

Annotations:
D:9 exclusion: orange crystal statue
D:13 exclusion: obsidian statue


Innate Abilities, Weirdness & Mutations

You can walk through water.
Your dull iron-grey scales are very hard (AC +13).
Your body does not fit into most forms of armour.
You can survive without breathing.
You are cold-blooded and may be slowed by cold attacks.


Message History

The fire crab misses you.
You barely miss the fire crab.
The fire crab is heavily wounded.
You are engulfed in roaring flames.
The fire crab breathes flames at you. The blast of flame engulfs you!
You closely miss the fire crab. You tail-slap the fire crab.
The fire crab is heavily wounded.
You are engulfed in roaring flames.
* * * LOW HITPOINT WARNING * * *
The fire crab bites you but does no damage.
You block the fire crab's attack.
You hit the fire crab.
The fire crab is severely wounded.
You are engulfed in roaring flames.
* * * LOW HITPOINT WARNING * * *
You block the fire crab's attack. The fire crab claws you.
* * * LOW HITPOINT WARNING * * *
You are engulfed in flames!
You die...

........# #######............
........#######..........#######.
.........................#.....'.
.........................#.....'.
.....†...................#.....#.
................#'######.#.....#.
...............§#.§....#.##....#.
##.............§#§.....#..#....'.
#....#####...§§@t§....#..#....#.
#....# #....§#§.....#..#)...#.
#....#...'.....#§.....#..######.
#....#...#...).#......#.........
#....#...'.....#......#.........
##....#...#............#.........
....[.#...#...?)/......#.........
......#.. #..$###!.....#.........
......# #..}#8#|.... #.........


You could see a fire crab shaped shifter.

Vanquished Creatures
  Fannar (D:11)
  A centaur warrior (D:13)
  Nergalle (D:11)
  4 unseen horrors
  4 hill giants
  4 wizards (D:13)
  3 ugly things
  A manticore (D:11)
  A cyclops (D:11)
  A gargoyle (D:13)
  A komodo dragon (D:12)
  2 trolls
  2 guardian mummies (D:12)
  A two-headed ogre (D:8)
  3 wraiths
  16 yaks
  Eustachio (D:6)
  A steam dragon (D:12)
  A hippogriff (D:11)
  4 hungry ghosts
  A soldier ant (D:12)
  Duvessa (D:6)
  5 orc warriors
  2 ice beasts
  A sky beast (D:10)
  A phantom (D:10)
  A necrophage (D:9)
  11 ogres
  9 centaurs
  A big kobold (D:8)
  6 giant frogs
  7 scorpions
  Dowan (D:6)
  16 killer bees
  4 howler monkeys (D:8)
  2 crimson imps
  2 centaur zombies
  2 centaur skeletons
  3 jellies
  A giant frog skeleton (D:7)
  7 orc priests
  6 hounds
  Jessica (D:3)
  Ijyb (D:2)
  3 iguanas
  10 orc wizards
  3 worker ants
  2 worker ant zombies
  15 gnolls
  2 howler monkey skeletons
  8 adders
  3 shadow imps
  12 white imps (D:11)
  4 worms
  2 dart slugs
  5 giant geckos
  45 orcs
  4 bats
  6 giant cockroaches
  6 goblins
  7 hobgoblins
  8 jackals
  4 quokkas
  5 giant newts
  3 goblin skeletons (D:7)
  A goblin zombie (D:7)
  2 hobgoblin zombies (D:7)
  25 kobolds
  4 orc skeletons (D:7)
  An orc zombie (D:7)
  2 rats
  2 plants (D:8)
339 creatures vanquished.

Vanquished Creatures (others)
  An orc (D:11)
1 creature vanquished.

Grand Total: 340 creatures vanquished

Notes
Turn   | Place    | Note
--------------------------------------------------------------
     0 | D:1      | shmeve the Draconian Berserker began the quest for the Orb.
     0 | D:1      | Reached XP level 1. HP: 19/19 MP: 1/1
   313 | D:1      | Reached XP level 2. HP: 26/26 MP: 2/2
   927 | D:2      | Reached XP level 3. HP: 31/31 MP: 3/3
  1112 | D:2      | Found a sparkling altar of Nemelex Xobeh.
  1133 | D:2      | Reached ** piety under Trog
  1133 | D:2      | Reached skill level 1 in Stealth
  1142 | D:2      | Reached skill level 4 in Fighting
  1148 | D:2      | Reached XP level 4. HP: 40/40 MP: 4/4
  1165 | D:2      | Found a blossoming altar of Fedhas.
  1545 | D:2      | Noticed Ijyb
  1557 | D:2      | Killed Ijyb
  1567 | D:2      | Found an opulent altar of Gozag.
  1872 | D:3      | Found a radiant altar of Vehumet.
  1885 | D:3      | Noticed Jessica
  1906 | D:3      | Killed Jessica
  1906 | D:3      | Reached XP level 5. HP: 46/46 MP: 5/5
  2234 | D:4      | Noticed an ogre
  2240 | D:4      | Reached XP level 6. HP: 35/53 MP: 6/6
  2418 | D:4      | Found a staircase to the Ecumenical Temple.
  2499 | D:4      | Reached skill level 5 in Fighting
  3352 | D:4      | Found a sparkling altar of Nemelex Xobeh.
  3359 | D:4      | Your scales start taking on a dull iron-grey colour.
  3359 | D:4      | Reached XP level 7. HP: 56/61 MP: 7/7
  3359 | D:4      | Gained mutation: You can survive without breathing. [Grey Draconian growth]
  3398 | D:5      | Entered Level 5 of the Dungeon
  3447 | D:5      | Reached skill level 1 in Shields
  3449 | D:5      | Reached *** piety under Trog
  3823 | D:5      | Reached skill level 5 in Shields
  3857 | D:5      | Reached skill level 5 in Axes
  4249 | D:6      | Found a white marble altar of Elyvilon.
  4296 | D:6      | Reached XP level 8. HP: 61/68 MP: 8/8
  4355 | D:6      | Noticed Eustachio
  4373 | D:6      | Killed Eustachio
  4439 | D:6      | Found Zin's Purification Station.
  4440 | D:6      | Found a glowing silver altar of Zin.
  4464 | D:6      | Found a shimmering altar of Xom.
  4485 | D:6      | Reached skill level 5 in Dodging
  4502 | D:6      | Noticed Dowan
  4503 | D:6      | Noticed Duvessa
  4514 | D:6      | Killed Dowan
  4518 | D:6      | Killed Duvessa
  4653 | D:6      | Found an iron altar of Okawaru.
  5044 | D:7      | Reached skill level 6 in Fighting
  5214 | D:7      | Reached XP level 9. HP: 78/78 MP: 9/9
  5273 | D:7      | Paralysed by fainting for 11 turns
  5375 | D:7      | Found a glowing golden altar of the Shining One.
  5837 | D:8      | Reached skill level 7 in Fighting
  5888 | D:8      | Noticed a troll
  5902 | D:8      | Killed a troll
  6207 | D:8      | Found a shattered altar of Ashenzari.
  6219 | D:8      | Reached **** piety under Trog
  6847 | D:9      | Received a gift from Trog
  7008 | D:9      | Noticed an orange crystal statue
  7343 | D:9      | Reached skill level 8 in Fighting
  7343 | D:9      | Reached XP level 10. HP: 60/88 MP: 10/10
  7600 | D:10     | Entered Level 10 of the Dungeon
  7638 | D:10     | Reached ***** piety under Trog
  7822 | D:10     | Killed an unseen horror
  7910 | D:10     | Found a shadowy altar of Dithmenos.
  7923 | D:10     | Reached skill level 5 in Stealth
  7926 | D:10     | Reached skill level 9 in Fighting
  8008 | D:10     | Noticed a hill giant
  8023 | D:10     | Killed a hill giant
  8171 | D:10     | Found Comp's Jewellery Shop.
  8571 | D:11     | Noticed a manticore
  8581 | D:11     | Killed a manticore
  8581 | D:11     | Reached XP level 11. HP: 73/97 MP: 11/11
  8722 | D:11     | Found a staircase to the Orcish Mines.
  8760 | D:11     | Found Obiomiuj's Food Emporium.
  8872 | D:11     | Noticed Nergalle
  8885 | D:11     | Killed Nergalle
  9031 | D:11     | Noticed a white ugly thing
  9039 | D:11     | Received a gift from Trog
  9044 | D:11     | Killed a white ugly thing
  9049 | D:11     | Found a frozen archway.
  9204 | D:11     | Found a staircase to the Lair.
  9214 | D:11     | Noticed Fannar
  9239 | D:11     | Killed Fannar
  9394 | D:11     | Noticed a hill giant
  9405 | D:11     | Killed a hill giant
  9405 | D:11     | Reached skill level 10 in Fighting
  9630 | D:12     | Found a portal to a secret trove of treasure.
  9955 | D:12     | Noticed a green ugly thing
  9967 | D:12     | Killed a green ugly thing
 10416 | D:12     | Killed an unseen horror
 10820 | D:13     | Noticed a cyan ugly thing
 10832 | D:13     | Killed a cyan ugly thing
 11024 | D:13     | Reached XP level 12. HP: 50/105 MP: 12/12
 11449 | D:13     | Noticed a centaur warrior
 11456 | D:13     | Received a gift from Trog
 11456 | D:13     | Reached skill level 10 in Shields
 11463 | D:13     | Killed a centaur warrior
 11847 | D:13     | Reached skill level 10 in Axes
 11900 | D:13     | Reached skill level 11 in Fighting
 12038 | D:13     | Received a gift from Trog
 12130 | D:13     | Slain by a fire crab (shapeshifter)

Skill      XL: |  1  2  3  4  5  6  7  8  9 10 11 12 |
---------------+-------------------------------------+-----
Dodging        | 3 4 5 6 7 8 9 |  9.5
Stealth        | 1 2 3 4 5 6 |  6.8
Fighting       | 4 5 6 8 9 10 11 | 11.2
Axes           | 4 5 6 7 8 9 10 | 10.2
Shields        | 5 6 7 8 9 10 | 10.5

Action                   |  1- 3 |  4- 6 |  7- 9 | 10-12 || total
-------------------------+-------+-------+-------+-------++-------
Melee: Hand axe          |    94 |   163 |   135 |       ||   392
       Tailslap          |    13 |    28 |    61 |   117 ||   219
       War axe           |       |       |   315 |   535 ||   850
Invok: Trog's Hand       |       |     2 |     2 |     4 ||     8
       Berserk           |       |     2 |     5 |    11 ||    18
       Burn Spellbooks   |       |       |     1 |       ||     1
  Use: Scroll            |       |       |     2 |       ||     2
 Stab: Sleeping          |     1 |     2 |     6 |     3 ||    12
  Eat: Chunk             |     1 |     9 |    26 |    19 ||    55
       Fruit             |       |       |     3 |     2 ||     5
       Meat ration       |       |       |       |     2 ||     2
       Pizza             |       |       |       |     1 ||     1
Armor: Skin              |    30 |    46 |   192 |   307 ||   575
Dodge: Dodged            |    74 |   115 |   328 |   531 ||  1048
Block: Buckler           |       |       |   109 |   200 ||   309
